 Dungeon Sprint DCSS version 0.27-a0-1158-gaa87e14f67 (webtiles) character file.

Game seed: 2623912636974331301

9129 rocky1 the Earth Mage (level 11, -3/82 HPs)
             Began as an Octopode Earth Elementalist on May 16, 2021.
             Was a High Priest of Sif Muna.
             Slain by a shadow wraith (24 damage)
             ... in the Dungeon (Sprint VII: "The Pits").
             The game lasted 00:11:47 (2076 turns).

rocky1 the Earth Mage (Octopode Earth Elementalist) Turns: 2076, Time: 00:11:47

Health: -3/82      AC:  4    Str:  8    XL:     11   Next: 41%
Magic:  25/25      EV: 19    Int: 20    God:    Sif Muna [*****.]
Gold:   0          SH:  0    Dex: 16    Spells: 13/30 levels left

rFire    . . .     SeeInvis .   l - +1 quarterstaff (protect)
rCold    . . .     Faith    .   (shield currently unavailable)
rNeg     . . .     Spirit   .   (helmet restricted)
rPois    .         Reflect  .   (no amulet)
rElec    .         Harm     .   m - +3 ring of protection
rCorr    .         Rampage  .   n - +3 ring of dexterity
Will     .....     NoTele   +   (no ring)
Stlth    ++++++....             (no ring)
HPRegen  0.23/turn              (no ring)
MPRegen  0.19/turn              (no ring)
                                (no ring)
                                (no ring)

@: slowed, very slow
A: almost no armour, amphibious, 8 rings, camouflage 1, gelatinous body 1,
(nimble swimmer 1), tentacles
a: Renounce Religion, Channel Magic, Forget Spell, Divine Exegesis


You were in the Dungeon.
You worshipped Sif Muna.
Sif Muna was extremely pleased with you.
You visited 1 branch

Inventory:

Hand Weapons
 l - a +1 quarterstaff of protection (weapon)
 r - a +4 quarterstaff of speed
Missiles
 b - 21 stones
 k - 3 boomerangs of dispersal
Jewellery
 m - a +3 ring of protection (left tentacle)
 n - a +3 ring of dexterity (right tentacle)
Scrolls
 i - 5 scrolls of amnesia
 j - a scroll of summoning
Potions
 a - 2 potions of invisibility
 c - 6 potions of curing
 d - 8 potions of heal wounds
 e - 3 potions of haste
 f - 4 potions of magic
 g - 3 potions of berserk rage
 o - a potion of brilliance
 p - a potion of might
 q - a potion of mutation


   Skills:
 + Level 10.7 Fighting
 + Level 11.0 Dodging
 + Level 11.5 Stealth
 + Level 10.2 Spellcasting
 - Level 1.0 Transmutations
 + Level 15.5 Earth Magic
 + Level 11.6 Invocations


You had 13 spell levels left.
You knew the following spells:

 Your Spells              Type           Power      Damage    Failure   Level
a - Sandblast             Erth           100%       2d20      0%          1
b - Stone Arrow           Conj/Erth      82%        3d12      1%          3
c - Lee's Rapid Deconstr  Erth           32%        3d17*     1%          5
d - Blink                 Tloc           N/A        N/A       11%         2
e - Iron Shot             Conj/Erth      20%        9d5       41%         6

Your spell library contained the following spells:

 Spells                   Type           Power      Damage    Failure   Level
 Passwall                 Tmut/Erth      35%        N/A       1%          2
 Petrify                  Tmut/Erth      43%        N/A       2%          4
 Animate Skeleton         Necr           20%        N/A       7%          1
 Magic Dart               Conj           40%        1d5       7%          1
 Borgnjor's Vile Clutch   Necr/Erth      20%        N/A       8%          5
 Call Imp                 Summ           10%        N/A       11%         2
 Corpse Rot               Necr/Air       N/A        N/A       11%         2
 Ensorcelled Hibernation  Hex/Ice        20%        N/A       11%         2
 Poisonous Vapours        Pois/Air       20%        N/A       11%         2
 Slow                     Hex            10%        N/A       11%         2
 Static Discharge         Conj/Air       10%        N/A       11%         2
 Conjure Flame            Conj/Fire      10%        6-21      21%         3
 Mephitic Cloud           Conj/Pois/Air  10%        N/A       21%         3
 Animate Dead             Necr           5%         N/A       56%         4
 Iskenderun's Mystic Bla  Conj/Tloc      10%        2d4       56%         4
 Silence                  Hex/Air        5%         N/A       88%         5
 Summon Mana Viper        Hex/Summ       10%        N/A       88%         5
 Death Channel            Necr           5%         N/A       100%        6
 Eringya's Noxious Bog    Tmut/Pois      6%         N/A       100%        6
 Shadow Creatures         Summ           N/A        N/A       100%        6
 Simulacrum               Ice/Necr       5%         N/A       100%        6
 Borgnjor's Revivificati  Necr           5%         N/A       100%        8
 Death's Door             Necr           5%         N/A       100%        9
 Dragon's Call            Summ           5%         N/A       100%        9
 Animate Armour           Summ/Erth      Unusable   N/A       N/A         4

Dungeon Overview and Level Annotations

Branches:
Dungeon (1/1)

Altars:
Ashenzari
Cheibriados
Dithmenos
Elyvilon
Fedhas
Gozag
Hepliaklqana
Kikubaaqudgha
Makhleb
Nemelex Xobeh
Okawaru
Qazlal
Ru
Sif Muna
Trog
Uskayaw
Vehumet
Wu Jian
Xom
Yredelemnul
Zin
The Shining One
Beogh
Jiyva
Lugonu


Innate Abilities, Weirdness & Mutations

You cannot wear most types of armour.
You are amphibious.
You can wear up to eight rings at the same time.
Your skin changes colour to match your surroundings (Stealth+).
Your rubbery body absorbs attacks. (AC +1, EV +1)
((You are camouflaged near water. (Stealth+)))
You have tentacles for arms and can constrict up to eight enemies at once.


Message History

The iguana is moderately wounded.
You constrict the iguana. Something hits you! Something drains your vigour!
You feel yourself slow down. The iguana completely misses you.
The iguana barely misses you. Something hits you.
You hit the iguana.
The iguana is heavily wounded.
You constrict the iguana. Something hits you. Something drains your vigour!
You feel as though you will be slow longer.
The iguana closely misses you. Something hits you.
Something drains your vigour!
You feel as though you will be slow longer.
The iguana bites you but does no damage.
Casting: Sandblast (safe; 0% risk of failure)
Confirm with . or Enter, or press ? or * to list all spells.
Aiming: Sandblast (safe; 0% risk of failure)
Press: ? - help, Shift-Dir - straight line, f - iguana
Aim: an iguana (almost dead, constricted by you, 100% to hit)
The blast of sand hits the iguana.
You kill the iguana!
Sif Muna accepts your kill.
You see here Sif Muna's Collected Works on Dark Transmutation.
Sif Muna grants you a gift! Something hits you. Something drains your vigour!
You feel as though you will be slow longer.
You pick up Sif Muna's Collected Works on Dark Transmutation and begin reading...
You add the spells Corpse Rot, Death Channel and Eringya's Noxious Bog to your library.
Something hits you!!
* * * LOW HITPOINT WARNING * * *
Something drains your vigour!
You feel as though you will be slow longer.
Something closely misses you.
Blink to where?
Press: ? - help, Dir - move target
As you read the scroll of blinking, it crumbles to dust.
You close the door.
You close the door.
Something unseen opens the door.
You start resting.
Something hits you!!
You die...

.....#..#......#
...............+
...............+
.....#..#......#
.......))......#
##'#####)†######
......##''############## ####
......##......#÷..'....###...#
......##....###.@.###...#.†.#
..<...##...##.+...+.##...§.#
......##..##..##'##..##...##
......##..#..##...##..+...#
......##..#..#)....#..#...#
########..'.†))....'..+...+
########..#..#)....#..#...#
.#..[[##..#..##.).##..+...#
.#..[[##..##.)##)##..##...##


There were no monsters in sight!

Vanquished Creatures
  A vampire knight (D)
  A hydra (D)
  A two-headed ogre (D)
  2 orc high priests (D)
  A death yak (D)
  A sea snake (D)
  2 flayed ghosts (D)
  A bog body (D)
  A deep elf pyromancer (D)
  A hellwing (D)
  A troll (D)
  An ice devil (D)
  A polar bear (D)
  A spriggan (D)
  A warg (D)
  A water moccasin (D)
  A floating eye (D)
  A swamp drake (D)
  3 orc warriors (D)
  An ogre (D)
  Blork the orc (D)
  A kobold brigand (D)
  2 scorpions (D)
  11 wights (D)
  Jessica (D)
  An iguana (D)
  2 orc wizards (D)
  2 river rats (D)
  A white imp (D)
  An ufetubus (D)
  6 orcs (D)
  A bat skeleton (D)
  An endoplasm (D)
  A goblin (D)
  2 jackals (D)
  A kobold (D)
  A frilled lizard (D)
  A jackal zombie (D)
  A rat (D)
62 creatures vanquished.

Notes
Turn   | Place    | Note
-------+----------+-------------------------------------------
     0 | D        | rocky1 the Octopode Earth Elementalist began the quest for
                  | the Orb.
     0 | D        | Reached XP level 1. HP: 11/11 MP: 3/3
    20 | D        | Found a bloodstained altar of Trog.
    20 | D        | Found a shimmering blue altar of Sif Muna.
    20 | D        | Found a viscous altar of Jiyva.
    20 | D        | Found a hazy altar of Hepliaklqana.
    20 | D        | Found an opulent altar of Gozag.
    21 | D        | Found a glowing golden altar of the Shining One.
    21 | D        | Found a glowing silver altar of Zin.
    21 | D        | Found a basalt altar of Yredelemnul.
    21 | D        | Found a shimmering altar of Xom.
    21 | D        | Found an ornate altar of the Wu Jian Council.
    21 | D        | Found a sacrificial altar of Ru.
    21 | D        | Found a stormy altar of Qazlal.
    21 | D        | Found an iron altar of Okawaru.
    21 | D        | Found a sparkling altar of Nemelex Xobeh.
    21 | D        | Found a burning altar of Makhleb.
    21 | D        | Found a blossoming altar of Fedhas.
    21 | D        | Found a white marble altar of Elyvilon.
    21 | D        | Found a shadowy altar of Dithmenos.
    21 | D        | Found a snail-covered altar of Cheibriados.
    24 | D        | Found a corrupted altar of Lugonu.
    24 | D        | Found a radiant altar of Vehumet.
    25 | D        | Found an ancient bone altar of Kikubaaqudgha.
    25 | D        | Found a hide-covered altar of Uskayaw.
    25 | D        | Found a broken altar of Ashenzari.
    26 | D        | Became a worshipper of Sif Muna the Loreminder
    66 | D        | Reached skill level 4 in Earth Magic
    66 | D        | Reached XP level 2. HP: 10/17 MP: 5/5
    67 | D        | Reached skill level 5 in Earth Magic
   199 | D        | Noticed a scorpion
   201 | D        | Killed a scorpion
   201 | D        | Reached * piety under Sif Muna
   202 | D        | Reached skill level 8 in Earth Magic
   202 | D        | Reached XP level 3. HP: 21/21 MP: 3/6
   202 | D        | Reached XP level 4. HP: 27/27 MP: 3/7
   242 | D        | Noticed a scorpion
   244 | D        | Noticed a floating eye
   251 | D        | Reached ** piety under Sif Muna
   254 | D        | Killed a scorpion
   254 | D        | Paralysed by a floating eye for 4 turns
   255 | D        | Reached skill level 10 in Earth Magic
   255 | D        | Reached XP level 5. HP: 26/31 MP: 4/8
   261 | D        | Killed a floating eye
   262 | D        | Reached skill level 12 in Earth Magic
   262 | D        | Reached XP level 6. HP: 18/36 MP: 3/9
   412 | D        | Learned a level 3 spell: Stone Arrow
   418 | D        | Learned a level 5 spell: Lee's Rapid Deconstruction
   483 | D        | Noticed Blork the orc
   483 | D        | Noticed a water moccasin
   488 | D        | Killed a water moccasin
   488 | D        | Reached *** piety under Sif Muna
   493 | D        | Killed Blork the orc
   494 | D        | Reached **** piety under Sif Muna
   495 | D        | Reached XP level 7. HP: 26/46 MP: 8/13
   636 | D        | Noticed a hellwing
   639 | D        | Killed a hellwing
   640 | D        | Reached skill level 5 in Dodging
   640 | D        | Reached skill level 5 in Spellcasting
   640 | D        | Reached skill level 5 in Invocations
   729 | D        | Reached ***** piety under Sif Muna
   729 | D        | Received a gift from Sif Muna
   730 | D        | Reached skill level 5 in Fighting
   730 | D        | Reached skill level 13 in Earth Magic
   731 | D        | Reached XP level 8. HP: 55/55 MP: 4/16
   810 | D        | Noticed an orc high priest
   819 | D        | Identified Sif Muna's Disquisition on Summoning and Evil
                  | (Sif Muna gifted it to you in the Dungeon)
   819 | D        | Received a gift from Sif Muna
   826 | D        | Killed an orc high priest
   827 | D        | Reached XP level 9. HP: 55/64 MP: 12/19
   933 | D        | Noticed an eight-headed hydra
   938 | D        | Killed an eight-headed hydra
   939 | D        | Reached skill level 5 in Stealth
   939 | D        | Reached skill level 14 in Earth Magic
  1041 | D        | Noticed a sea snake
  1048 | D        | Killed a sea snake
  1048 | D        | Identified Sif Muna's Volume of Attacks (Sif Muna gifted it
                  | to you in the Dungeon)
  1048 | D        | Received a gift from Sif Muna
  1152 | D        | Learned a level 2 spell: Blink
  1159 | D        | Learned a level 6 spell: Iron Shot
  1284 | D        | Noticed a flayed ghost
  1284 | D        | Noticed a flayed ghost
  1286 | D        | Killed a flayed ghost
  1287 | D        | Reached XP level 10. HP: 73/73 MP: 11/22
  1288 | D        | Killed a flayed ghost
  1410 | D        | Noticed Jessica
  1414 | D        | Killed Jessica
  1463 | D        | Noticed a death yak
  1468 | D        | Killed a death yak
  1469 | D        | Reached skill level 10 in Invocations
  1707 | D        | Noticed a vampire knight
  1712 | D        | Noticed a two-headed ogre
  1712 | D        | Noticed a bog body
  1715 | D        | Noticed a deep elf pyromancer
  1716 | D        | Killed a vampire knight
  1716 | D        | Received a gift from Sif Muna
  1717 | D        | Reached skill level 10 in Dodging
  1717 | D        | Reached skill level 15 in Earth Magic
  1719 | D        | Killed a bog body
  1719 | D        | Killed a two-headed ogre
  1720 | D        | Reached skill level 10 in Fighting
  1720 | D        | Reached skill level 10 in Stealth
  1720 | D        | Reached XP level 11. HP: 48/82 MP: 1/24
  1723 | D        | Killed a deep elf pyromancer
  1724 | D        | Reached skill level 10 in Spellcasting
  1870 | D        | Noticed an orc high priest
  1876 | D        | Killed an orc high priest
  1883 | D        | Identified Sif Muna's Volume of Unholy Weightlessness (Sif
                  | Muna gifted it to you in the Dungeon)
  1883 | D        | Received a gift from Sif Muna
  2067 | D        | Identified Sif Muna's Collected Works on Dark Transmutation
                  | (Sif Muna gifted it to you in the Dungeon)
  2067 | D        | Received a gift from Sif Muna
  2076 | D        | Slain by a shadow wraith

Illustrated notes

Levels and vault maps discovered:
D:        pitsprint [storerooms_1, entrance_room_1, metal_vault_6, armoury_2,
          mini_pit_1, grid_room_1, main_hall_1, silver_pit, the_coven_2,
          the_vestibule_1, steel_vault_3, golden_pit, hallway_of_sentries,
          crystal_vault_4, iron_vault_1, final_vault]

Skill      XL: |  1  2  3  4  5  6  7  8  9 10 11 |
---------------+----------------------------------+-----
Earth Magic    | 4 8 10 12 13 14 15 | 15.5
Fighting       | 3 5 7 8 10 | 10.7
Dodging        | 4 5 7 9 10 11 | 11.0
Spellcasting   | 4 5 7 8 9 10 | 10.2
Invocations    | 4 5 8 9 11 | 11.6
Stealth        | 7 10 11 | 11.5
Transmutations | |  1.0

Action                   |  1- 3 |  4- 6 |  7- 9 | 10-12 || total
-------------------------+-------+-------+-------+-------++-------
Melee: Quarterstaff      |     4 |     6 |     7 |     4 ||    21
       Constrict         |     3 |     3 |     2 |     1 ||     9
       Unarmed           |     2 |       |       |       ||     2
       Tentacles         |       |     2 |     1 |       ||     3
 Cast: Sandblast         |     3 |     7 |     4 |     5 ||    19
       Lee's Rapid Decon |       |     3 |    17 |    23 ||    43
       Iron Shot         |       |       |       |     1 ||     1
       Stone Arrow       |       |       |       |     1 ||     1
Invok: Channel Magic     |       |     2 |     1 |     3 ||     6
       Divine Exegesis   |       |       |       |     1 ||     1
  Use: Potion            |       |     1 |     1 |     1 ||     3
       Scroll            |       |       |       |     1 ||     1
Armor: Skin              |     1 |       |     4 |     2 ||     7
Dodge: Dodged            |     8 |     6 |     6 |    20 ||    40

Table legend: (Time is in decaauts)
 A = Elapsed time spent in this place.
 B = Non-inter-level travel time spent in this place.
 C = Inter-level travel time spent in this place.
 D = Time resting spent in this place.
 E = Time spent auto-exploring this place.
 F = Levels seen in this place.
 G = Mean time per level.
                   A        B        C        D        E       F      G
               +--------+--------+--------+--------+--------+-----+--------+
         Total |   2085 |   2029 |     56 |   1492 |      0 |   1 | 2085.0 |
       Dungeon |   2085 |   2029 |     56 |   1492 |      0 |   1 | 2085.0 |
               +--------+--------+--------+--------+--------+-----+--------+

Top non-repeatable levels by time:
       D: 2085 daAuts
